 Dungeon Crawl Stone Soup version 0.31-a0-1074-g0b22e4e0f1 (webtiles) character file.

Game seed: 16479026236340935739

3556 croobank the Ruffian (level 10, -14/71 HPs)
             Began as an Octopode Shapeshifter on Dec 3, 2023.
             Was a Follower of Ashenzari.
             Shot with an arrow by a centaur warrior (15 damage)
             ... on level 8 of the Dungeon.
             The game lasted 00:23:06 (6654 turns).

croobank the Ruffian (Octopode Shapeshifter)        Turns: 6654, Time: 00:23:06

Health: -14/71     AC:  1    Str: 20    XL:     10   Next: 9%
Magic:  10/10      EV: 15    Int: 17    God:    Ashenzari [*.....]
Gold:   432        SH:  0    Dex: 11    Spells: 9/9 levels left

rFire   . . .        o - melded +0 flail (holy)
rCold   . . .        (shield currently unavailable)
rNeg    . . .        (helmet restricted)
rPois   .            (no amulet)
rElec   .            q - ring of Supernal Gnosis {Str+6, Elem, Range} (curse)
rCorr   .            n - ring of the Cryptic Stars {Will+, Bglg, Alch} (curse)
SInv    .            (no ring)
Will    +....        (no ring)
Stlth   +            (no ring)
HPRegen 0.31/turn    (no ring)
MPRegen 0.12/turn    (no ring)
                     (no ring)

%: no passive effects
@: flux-form, glowing
A: glow, contaminating, almost no armour, amphibious, 8 rings, camouflage 1,
gelatinous body 1, (nimble swimmer 1), tentacles
a: Begin Untransformation, Renounce Religion, Curse Item, Shatter the Chains


You were on level 8 of the Dungeon.
You worshipped Ashenzari.
Ashenzari was aware of your devotion.
You were something dangerously unstable.
You visited 2 branches of the dungeon, and saw 9 of its levels.

You collected 432 gold pieces.

Inventory:

Hand Weapons
 a - a +0 scythe of flaming
 i - a +2 whip of venom
 o - a +0 flail of holy wrath (melded)
 s - a +1 dagger of venom
 y - a +4 trident
 A - a +4 dire flail
 B - a +0 morningstar
 C - a +4 dagger
 E - a +0 orcbow
Missiles
 e - 22 poisoned darts (quivered)
 w - 3 boomerangs
Armour
 r - a +0 buckler
Jewellery
 n - the cursed ring of the Cryptic Stars (right tentacle) {Will+, Bglg, Alch}
   (You found it on level 5 of the Dungeon)

   [ring of willpower]

   Will+:     It increases your willpower.
   It has a curse which improves the following skills: Beguiling: Conjurations,
   Hexes and Translocations.
   Alchemy:   Poison Magic and Transmutations.
 q - the cursed ring of Supernal Gnosis (left tentacle) {Str+6, Elem, Range}
   (You found it on level 3 of the Dungeon)

   [ring of strength]

   Str+6:     It affects your strength (+6).
   It has a curse which improves the following skills: Elements: Fire Magic, Ice
   Magic, Air Magic and Earth Magic.
   Ranged Combat: Ranged Weapons and Throwing.
Talismans
 b - a beast talisman
 c - a flux talisman (active)
 m - a blade talisman
 t - a granite talisman
Wands
 l - a wand of polymorph (9)
Scrolls
 d - a scroll of immolation
 k - a scroll of silence
 u - a scroll of teleportation
 x - a scroll of enchant armour
 D - a scroll of brand weapon
Potions
 g - a potion of cancellation
 j - 2 potions of attraction
 p - a potion of brilliance
 v - a potion of mutation
 z - 3 potions of enlightenment


   Skills:
 + Level 7.0 Fighting
 + Level 7.3 Dodging
 + Level 7.7 Unarmed Combat
 + Level 7.2 Shapeshifting


You had 9 spell levels left.
You didn't know any spells.
Your spell library contained the following spells:

 Spells                   Type           Power      Damage    Failure   Level
 Scorch                   Fire           0%         2d5       34%         2
 Flame Wave               Conj/Fire      0%         2d4       93%         4
 Summon Cactus Giant      Summ           0%         N/A       100%        6


Dungeon Overview and Level Annotations

Branches:
Dungeon (8/15)             Temple (1/1) D:4
   Lair: D:8-11

Altars:
Ashenzari
Cheibriados
Dithmenos
Elyvilon
Fedhas
Gozag
Hepliaklqana
Kikubaaqudgha
Makhleb
Nemelex Xobeh
Okawaru
Qazlal
Ru
Sif Muna
Trog
Uskayaw
Vehumet
Wu Jian
Xom
Yredelemnul
Zin
The Shining One

Annotations:
D:8 Amaemon


Innate Abilities, Weirdness & Mutations

You are something dangerously unstable.
You glow with magical radiation, making you easy to see and hit.
Foes you strike become dangerously contaminated with magical radiation.
You are incapable of wielding weapons or throwing items.
You cannot wear most types of armour.
You are amphibious.
You can wear up to eight rings at the same time.
Your skin changes colour to match your surroundings (Stealth+).
Your rubbery body absorbs attacks. (AC +1, EV +1)
((You are camouflaged when in or above water. (Stealth+)))
You have tentacles for arms and can constrict up to eight enemies at once.


Message History

The arrow hits you!
The centaur warrior shoots an arrow.
The arrow hits you!
Found an escape hatch in the floor.
The centaur warrior shoots an arrow.
The arrow hits you!
The centaur warrior shoots an arrow.
The arrow barely misses you.
The centaur warrior shoots an arrow.
The arrow hits you!!
The centaur warrior shoots an arrow.
The arrow hits you!
* * * LOW HITPOINT WARNING * * *
You feel better.
The centaur warrior shoots an arrow.
The arrow barely misses you.
The centaur warrior unwields a +0 orcbow.
The centaur warrior hits you.
* * * LOW HITPOINT WARNING * * *
The centaur warrior closely misses you.
Okay, then.
Okay, then.
Okay, then.
You don't know any spells.
Unknown command.
Aiming: Polymorph
Press: ? - help, Shift-Dir - straight line, f - centaur warrior
Aim: a centaur warrior (will become a yaktaur, a glowing shapeshifter, or a cyclops, chance to affect: 31%)
Okay, then.
Unknown command.
You tentacle-slap the centaur warrior.
The centaur warrior begins to glow.
You squeeze the centaur warrior.
The centaur warrior is lightly wounded.
The centaur warrior hits you!
* * * LOW HITPOINT WARNING * * *
The centaur warrior kicks you.
* * * LOW HITPOINT WARNING * * *
Okay, then.
Okay, then.
Blink to where?
Press: ? - help, Dir - move target Amaemon the Diabolical Poisoner comes into view.
He is wielding a +0 demon whip of venom.
As you read the scroll of blinking, it crumbles to dust.
The centaur warrior wields a +0 orcbow.
The centaur warrior shoots an arrow.
The arrow hits you!
You die...

.#.........).#...........#
..........##.#....#.......
..........#####..##.......
.......[..#.....###......#
.............##...$......#
.............#....c..# . .
.........#.[###...#.## ..>
...........<.#....#.##....
.##........p......#.......
#....#................#
#.......#.....##.....##
........##.##..##.....###
.....6...#..#...........###
............#......?.#..#..
.....................#.....
..........#.(.##..##.##....
.........##..##....####O...


You could see Amaemon (wandering) and a centaur warrior (contam).

Vanquished Creatures
  Pikel (D:5)
  Grinder (D:6)
  Prince Ribbit (D:7)
  Sigmund (D:2)
  Eustachio (D:6)
  A shadow (D:6)
  A fire bat (D:8)
  Menkaure (D:4)
  Edmund (D:6)
  An ice beast (D:6)
  A black bear (D:6)
  A centaur (D:7)
  A lemure (D:5)
  2 phantoms
  A kobold brigand (D:7)
  A bullfrog (D:6)
  A scorpion (D:6)
  A gnoll sergeant (D:6)
  6 wights
  3 howler monkeys
  2 orc priests
  6 hounds
  A jelly (D:6)
  2 sleepcaps
  Jessica (D:3)
  3 orc wizards (D:7)
  4 iguanas
  3 gnolls
  5 adders
  A white imp (D:7)
  A dart slug (D:2)
  20 orcs
  A ball python (D:2)
  4 bats
  15 endoplasms
  2 giant cockroaches (D:2)
  9 goblins
  5 hobgoblins
  11 jackals
  10 kobolds
  3 frilled lizards
  8 rats
145 creatures vanquished.

Vanquished Creatures (collateral kills)
  A wight (D:7)
1 creature vanquished.

Vanquished Creatures (others)
  A wight (D:7)
1 creature vanquished.

Grand Total: 147 creatures vanquished

Notes
Turn   | Place    | Note
-------+----------+-------------------------------------------
     0 | D:1      | croobank the Octopode Shapeshifter began the quest for the
                  | Orb.
     0 | D:1      | Reached XP level 1. HP: 13/13 MP: 1/1
   169 | D:1      | Reached XP level 2. HP: 16/18 MP: 2/2
   196 | D:1      | Found a faded altar of an unknown god.
   477 | D:1      | Reached XP level 3. HP: 15/23 MP: 3/3
   725 | D:2      | Noticed Sigmund
   736 | D:2      | Killed Sigmund
   737 | D:2      | Reached XP level 4. HP: 19/30 MP: 4/4
   737 | D:2      | Reached XP level 5. HP: 22/35 MP: 5/5
  1213 | D:2      | Reached XP level 6. HP: 41/41 MP: 6/6
  1956 | D:3      | Noticed Jessica
  1963 | D:3      | Killed Jessica
  2163 | D:4      | Found a hazy altar of Hepliaklqana.
  2310 | D:4      | Found a staircase to the Ecumenical Temple.
  2355 | Temple   | Entered the Ecumenical Temple
  2370 | Temple   | Became a worshipper of Ashenzari the Shackled
  2440 | D:4      | Found a bloodstained altar of Trog.
  2540 | D:4      | Reached XP level 7. HP: 11/46 MP: 7/7
  2678 | D:4      | Noticed Menkaure
  2685 | D:4      | Killed Menkaure
  2760 | D:4      | Found a glowing silver altar of Zin.
  2760 | D:4      | Found a glowing golden altar of the Shining One.
  2760 | D:4      | Found a white marble altar of Elyvilon.
  3060 | D:5      | Entered Level 5 of the Dungeon
  3146 | D:5      | Found a shimmering blue altar of Sif Muna.
  3233 | D:5      | Reached skill level 5 in Unarmed Combat
  3368 | D:5      | Reached skill level 5 in Shapeshifting
  3530 | D:5      | Noticed Pikel
  3545 | D:5      | Killed Pikel
  3546 | D:5      | Reached skill level 5 in Fighting
  3546 | D:5      | Reached skill level 5 in Dodging
  3546 | D:5      | Reached XP level 8. HP: 35/55 MP: 8/8
  3696 | D:5      | You fall into a shaft and drop 2 floors!
  3950 | D:6      | Noticed a shadow
  3966 | D:6      | Killed a shadow
  3967 | D:6      | Reached XP level 9. HP: 61/61 MP: 9/9
  4181 | D:6      | Noticed Eustachio
  4189 | D:6      | Killed Eustachio
  4227 | D:6      | Noticed Grinder
  4237 | D:6      | Reached * piety under Ashenzari
  4243 | D:6      | Noticed Edmund
  4248 | D:6      | Killed Grinder
  4256 | D:6      | Killed Edmund
  4355 | D:6      | Found a sacrificial altar of Ru.
  4515 | D:6      | Found a sparkling altar of Nemelex Xobeh.
  4857 | D:7      | Identified the +4 ring mail of the Thirsty Knaves {-Cast
                  | rC+ Dex+4 Slay+5}
  4987 | D:7      | Noticed Prince Ribbit
  4998 | D:7      | Killed Prince Ribbit
  6150 | D:8      | Reached XP level 10. HP: 52/68 MP: 10/10
  6219 | D:8      | Noticed a two-headed ogre
  6295 | D:8      | Noticed Joseph
  6300 | D:8      | Joseph changed into Joseph the fire bat
  6300 | D:8      | Noticed Joseph
  6384 | D:8      | Killed Joseph the fire bat
  6582 | D:8      | Noticed a centaur warrior
  6653 | D:8      | HP: 2/71 [centaur warrior (12)]
  6654 | D:8      | Noticed Amaemon
  6654 | D:8      | Shot with an arrow by a centaur warrior

Illustrated notes

Levels and vault maps discovered:
D:1:      minmay_arrival_four_circles, layout_basic,
          hellmonk_ecumenical_altar_crossroads
D:2:      layout_basic, minmay_misc_feat_nine_boxes, minmay_misc_feat_ornament,
          uniq_sigmund
D:3:      layout_loops_ring, kennysheep_flooded_box, uniq_jessica
D:4:      layout_rooms, dreamdust_divine_triumvirate,
          mainiacjoe_overflow_tiny_flanked, overflow_temple_1_default,
          minmay_temple_entry_glass, chequers_serial_rivers_small_b,
          grunt_ministairs_5, uniq_menkaure
D:5:      layout_loops_ring, mainiacjoe_overflow_paths, minmay_puff,
          uniq_duvessa, uniq_pikel
D:6:      layout_rooms, nicolae_ru_awakened_eye, kennysheep_mini, minivault_1,
          chequers_mini_garden, uniq_eustachio, uniq_edmund, uniq_grinder
D:7:      layout_basic, uniq_prince_ribbit1
D:8:      minmay_cornered_nines, layout_cave_pools, uniq_joseph, uniq_amaemon
Temple:   eino_narrow_crystal_temple

Skill      XL: |  1  2  3  4  5  6  7  8  9 10 |
---------------+-------------------------------+-----
Fighting       | 2 3 5 6 7 |  7.0
Dodging        | 3 4 5 7 |  7.3
Unarmed Combat | 4 5 6 7 |  7.7
Shapeshifting  | 4 5 7 |  7.2

Action                     |  1- 3 |  4- 6 |  7- 9 | 10-12 || total
---------------------------+-------+-------+-------+-------++-------
  Melee: Unarmed           |    44 |    97 |   114 |     1 ||   256
         Constrict         |     7 |    20 |    43 |     4 ||    74
         Tentacles         |     7 |    21 |    54 |     4 ||    86
         Punch             |     2 |     3 |     9 |     3 ||    17
         Dagger            |       |       |    42 |       ||    42
         Flail             |       |       |    18 |    15 ||    33
  Throw: Dart              |     3 |     2 |    22 |     1 ||    28
         Boomerang         |       |       |    12 |       ||    12
 Invoke: Curse Item        |       |       |     2 |       ||     2
  Evoke: Wand              |       |       |     3 |     2 ||     5
    Use: Potion            |     1 |     1 |     1 |     1 ||     4
         Scroll            |       |       |    11 |     1 ||    12
   Stab: Sleeping          |     3 |     8 |     2 |       ||    13
         Distracted        |       |     1 |       |       ||     1
 Armour: Skin              |    15 |    35 |    86 |    24 ||   160
  Dodge: Dodged            |    16 |    59 |    80 |    41 ||   196
   Form: Flux              |       |       |       |     1 ||     1

Table legend: (Time is in decaauts)
 A = Elapsed time spent in this place.
 B = Non-inter-level travel time spent in this place.
 C = Inter-level travel time spent in this place.
 D = Time resting spent in this place.
 E = Time spent auto-exploring this place.
 F = Levels seen in this place.
 G = Mean time per level.
                   A        B        C        D        E       F      G
               +--------+--------+--------+--------+--------+-----+--------+
         Total |   6651 |   6373 |    278 |   1579 |   3482 |   9 |  739.0 |
       Dungeon |   6620 |   6371 |    249 |   1579 |   3482 |   8 |  827.5 |
        Temple |     30 |      1 |     29 |      0 |      0 |   1 |   30.0 |
               +--------+--------+--------+--------+--------+-----+--------+

Top non-repeatable levels by time:
     D:7: 1692 daAuts
     D:2: 834 daAuts
     D:5: 793 daAuts
     D:3: 772 daAuts
     D:6: 753 daAuts
     D:4: 743 daAuts
     D:1: 666 daAuts
     D:8: 363 daAuts
  Temple: 30 daAuts
